 Dungeon Crawl Stone Soup version 0.19-a0-526-gbe2e51c (webtiles) character file.

7 Duffy the Skirmisher (level 1, -4/18 HPs)
             Began as a Demonspawn Fighter on June 7, 2016.
             Slain by an orc
             ... wielding a +0 flail
              (6 damage)
             ... on level 2 of the Dungeon.
             The game lasted 00:00:19 (329 turns).

Duffy the Skirmisher (Demonspawn Fighter)            Turns: 329, Time: 00:00:20

Health: -4/18      AC:  6    Str: 16    XL:     1   Next: 83%
Magic:  0/1        EV:  6    Int:  9    God:
Gold:   10         SH:  8    Dex: 12    Spells: 0 memorised, 0 levels left

rFire  . . .     SeeInvis .     a - +0 war axe
rCold  . . .     Gourm    .     b - +0 scale mail
rNeg   . . .     Faith    .     c - +0 shield
rPois  .         Spirit   +     (no helmet)
rElec  .         Dismiss  .     (no cloak)
rCorr  .         Reflect  .     (no gloves)
SustAt .         Harm     .     (no boots)
MR     .....                    g - amulet of guardian spirit
Stlth  ..........               (no ring)
                                (no ring)

@: not resistant to hostile enchantments, extremely unstealthy
A: no striking features
a: no special abilities


You were on level 2 of the Dungeon.
You were not hungry.

You visited 1 branch of the dungeon, and saw 3 of its levels.

You collected 10 gold pieces.


   Skills:
 - Level 3.0 Fighting
 + Level 2.4 Axes
 - Level 2.6 Armour
 - Level 2.6 Shields


You couldn't memorise any spells.
You didn't know any spells.

Inventory:

Hand Weapons
 a - a +0 war axe (weapon)
Armour
 b - a +0 scale mail (worn)
 c - a +0 shield (worn)
Jewellery
 g - an amulet of guardian spirit (around neck)
Scrolls
 e - a scroll of blinking {unknown}
Potions
 d - a potion of might
 h - a potion of curing {unknown}
Comestibles
 f - a bread ration

Dungeon Overview and Level Annotations

Branches:
Dungeon (3/15)

Altars:


Message History

You are too injured to fight recklessly!
You are too injured to fight recklessly!
You are too injured to fight recklessly!
You are too injured to fight recklessly!
You are too injured to fight recklessly!
You slash the quokka!
You kill the quokka!
You see here a quokka corpse.
g - a dented fluorescent amulet Put on which piece of jewellery? (? for menu, Esc to quit)
You feel your power drawn to a protective spirit.
g - an amulet of guardian spirit (around neck)
You start resting.
Magic restored.
HP restored.
Found a meat ration.
h - a blue potion
(D) Dungeon
Where to? (* - list waypoints, ? - help)
Found a spear.
There is a stone staircase leading down here.
You climb downwards.
A goblin and 3 orcs come into view.
The orc shouts!
The goblin shouts!
The orc shouts! x2
Found 18 gold pieces, a blue potion, a mace and a dagger.
There is a stone staircase leading up here. 4 orcs come into view.
An orc is wielding a hand axe of draining.
The orc shouts! x4
The orc hits you but does no damage.
You climb upwards.
There is a stone staircase leading down here.
You closely miss the orc. The orc hits you with a flail.
You closely miss the orc. The orc hits you with a flail!
You are too injured to fight recklessly!
You are too injured to fight recklessly!
You are too injured to fight recklessly!
You are too injured to fight recklessly!
You are too injured to fight recklessly!
You are too injured to fight recklessly!
You are too injured to fight recklessly!
You are too injured to fight recklessly!
You are too injured to fight recklessly!
You are too injured to fight recklessly!
You are too injured to fight recklessly!
You are too injured to fight recklessly!
You barely miss the orc. The orc hits you with a flail.
You hit the orc but do no damage. The orc completely misses you.
You barely miss the orc. The orc hits you with a flail.
You die...

.). #..##..%.# #.#
#.....#### #..#
####.##..##
#..##...%##...#
#.....#####...#
##....# #...##
#.....#####...)#
#.###....#..#......
#. ##@o...##.####?#
.. ####..# .. #
#...##... #<.....##
#%.#.......
#..##.###.. ...#
%.. . ##..# #...
..## .#..


You could see an orc.

Action                   || total
-------------------------++-------
Melee: War axe           ||    27
Armor: Scale mail        ||    10
Dodge: Dodged            ||     8
Block: Shield            ||    12

Notes
Turn   | Place    | Note
--------------------------------------------------------------
     0 | D:1      | Duffy the Demonspawn Fighter began the quest for the Orb.
     0 | D:1      | Reached XP level 1. HP: 18/18 MP: 1/1
    21 | D:1      | Reached skill level 2 in Axes
   329 | D:2      | Slain by an orc

Skill      XL: |  1 |
---------------+----+-----
Axes           | 2 |  2.4
Fighting       | |  3.0
Armour         | |  2.6
Shields        | |  2.6

Vault maps used:
D:1:      sevenhm_arrival_forest_fort_small_3
D:2:      makhleb_blood_cavern_becter, lemuel_crystal_altar,
          lemuel_crystal_altar

Vanquished Creatures
  A bat
  A goblin
  A hobgoblin
  A quokka
  A giant newt
  A kobold
6 creatures vanquished.
